 Dungeon Crawl Stone Soup version 0.25.0-9-g26727b657a (webtiles) character file.

Game seed: 18318075481014890861

158644 MisterFreud the Thaumaturge (level 17, -8/131 HPs)
             Began as a Gnoll Wanderer on June 17, 2020.
             Was the Champion of Ru.
             Killed from afar by a merfolk aquamancer (30 damage)
             ... with a ball of steam
             ... on level 3 of the Shoals.
             The game lasted 01:28:46 (36760 turns).

MisterFreud the Thaumaturge (Gnoll Wanderer)       Turns: 36760, Time: 01:28:46

Health: -8/131     AC: 31    Str: 14    XL:     17   Next: 42%
Magic:  35/35      EV: 31    Int: 21    God:    Ru [******]
Gold:   7231       SH:  9    Dex: 20    Spells: 32/44 levels left

rFire    x x .     SeeInvis +   K - +11 rapier "Ucia" {pain, +Fly rPois rF-}
rCold    + + .     Gourm    .   c - +2 buckler
rNeg     . . .     Faith    .   V - +8 ice dragon scales
rPois    +         Spirit   .   L - +2 helmet
rElec    .         Reflect  .   w - +1 cloak {rPois}
rCorr    .         Harm     +   M - +2 pair of gloves of the Invisible Brambles {Harm Dex+4 SInv}
MR       ++...                  (no boots)
Stlth    ..........             G - amulet of the acrobat
HPRegen  0.31/turn              J - +4 ring of slaying
MPRegen  0.24/turn              A - ring of protection from magic

@: acrobat, lightly drained
A: distributed training, fangs 1, blurry vision 1, no stealth, hated by all, no
charms magic, no earth magic, no transmutations magic, unskilled 1,
inexperienced 1, strong nose
}: 1/15 runes: serpentine
a: Draw Out Power, Power Leap, Apocalypse, Renounce Religion, Evoke Flight


You were on level 3 of the Shoals.
You worshipped Ru.
Ru was exalted by your worship.
You were not hungry.

You visited 6 branches of the dungeon, and saw 31 of its levels.
You also visited: Ossuary.

You collected 9457 gold pieces.
You spent 2226 gold pieces at shops.

Inventory:

Hand Weapons
 k - a +4 rapier of electrocution
 B - the +10 trident of Causality {freeze, rF++ MR- Stlth+}
   (You found it on level 5 of the Dungeon)

   It has been specially enchanted to freeze those struck by it, causing extra
   injury to most foes and up to half again as much damage against particularly
   susceptible opponents.
   It can also slow down cold-blooded creatures.
   It greatly protects you from fire.
   It affects your resistance to hostile enchantments.
   It makes you more stealthy.
 K - the +11 rapier "Ucia" (weapon) {pain, +Fly rPois rF-}
   (You took it off a merfolk on level 1 of the Shoals)

   In the hands of one skilled in necromantic magic, it inflicts extra damage on
   living creatures.
   It makes you vulnerable to fire.
   It protects you from poison.
   It lets you fly.
Missiles
 v - 63 boomerangs (quivered)
 I - 4 throwing nets
Armour
 c - a +2 buckler (worn)
 q - the +8 chain mail "Gycwes" {*Drain rPois Regen+}
   (You bought it in a shop on level 12 of the Dungeon)

   It protects you from poison.
   It increases your rate of regeneration.
   It causes draining when unequipped.
 w - a +1 cloak of poison resistance (worn)
 L - a +2 helmet (worn)
 M - the +2 pair of gloves of the Invisible Brambles (worn) {Harm Dex+4 SInv}
   (You took it off Nikola on level 4 of the Snake Pit)

   It affects your dexterity (+4).
   It lets you see invisible.
   It increases damage dealt and taken.
 V - +8 ice dragon scales (worn)
Jewellery
 l - an uncursed amulet of reflection
 A - a ring of protection from magic (right hand)
 G - an amulet of the acrobat (around neck)
 J - a +4 ring of slaying (left hand)
 O - the ring of Yniag {Fire rElec Dex+2 Slay-2}
   (You found it on level 7 of the Dungeon)

   [ring of fire]

   It enhances your fire magic.
   It affects your dexterity (+2).
   It affects your accuracy and damage with ranged weapons and melee attacks
   (-2).
   It protects you from fire.
   It makes you vulnerable to cold.
   It insulates you from electricity.
 T - an uncursed ring of positive energy
 X - a +4 ring of evasion
Wands
 j - a wand of acid (13)
 o - a wand of iceblast (9)
 N - a wand of digging (2)
 P - a wand of paralysis (14)
 Q - a wand of random effects (26)
 S - a wand of clouds (11)
 U - a wand of disintegration (54)
Scrolls
 m - 8 scrolls of amnesia
 p - 8 scrolls of remove curse
 u - a scroll of teleportation
 x - 4 scrolls of blinking
 F - 3 scrolls of fear
 H - 5 scrolls of fog
 R - 5 scrolls of identify
 W - 2 scrolls of enchant weapon
 Y - 2 scrolls of magic mapping
 Z - 2 scrolls of brand weapon
Potions
 a - a potion of haste
 b - a potion of resistance
 d - 6 potions of magic
 e - 5 potions of heal wounds
 g - 4 potions of berserk rage
 h - 10 potions of curing
 i - 3 potions of might
 n - 4 potions of brilliance
 r - 5 potions of mutation
 s - 5 potions of cancellation
 t - 4 potions of stabbing
 z - 8 potions of lignification
 C - 2 potions of invisibility
 D - 4 potions of flight
 E - a potion of ambrosia
Miscellaneous
 y - a tin of tremorstones (3/3)
Comestibles
 f - 40 rations


   Skills:
 + Level 11.5 Fighting
 + Level 10.8 Short Blades
 + Level 10.8 Long Blades
 + Level 10.8 Axes
 + Level 10.8 Maces & Flails
 + Level 10.8 Polearms
 + Level 10.8 Staves
 + Level 10.8 Slings
 + Level 10.8 Bows
 + Level 10.8 Crossbows
 + Level 11.1(11.0) Throwing
 + Level 11.1(11.0) Armour
 + Level 10.8 Dodging
   Level 0.0 Stealth
 + Level 10.8 Shields
 + Level 10.8 Unarmed Combat
 + Level 14.3 Spellcasting
 + Level 9.2 Conjurations
 + Level 9.2 Hexes
   Level 0.0 Charms
 + Level 9.2 Summonings
 + Level 9.2 Necromancy
 + Level 9.2 Translocations
   Level 0.0 Transmutations
 + Level 9.2 Fire Magic
 + Level 9.2 Ice Magic
 + Level 9.2 Air Magic
   Level 0.0 Earth Magic
 + Level 9.2 Poison Magic
 + Level 11.7 Invocations
 + Level 10.8 Evocations


You had 32 spell levels left.
You knew the following spells:

 Your Spells              Type           Power        Failure   Level  Hunger
a - Freeze                Ice            ####         1%          1    None
b - Blink                 Tloc           N/A          1%          2    None
c - Frozen Ramparts       Ice            ######       1%          3    None
d - Mephitic Cloud        Conj/Pois/Air  ######..     1%          3    None
e - Lesser Beckoning      Tloc           ######....   1%          3    None

Your spell library contained the following spells:

 Spells                   Type           Power        Failure   Level  Hunger
 Magic Dart               Conj           ####         1%          1    None
 Poisonous Vapours        Pois/Air       ######       1%          2    None
 Slow                     Hex            ######..     1%          2    None
 Sublimation of Blood     Necr           ######....   1%          2    None
 Conjure Flame            Conj/Fire      ######..     1%          3    None
 Gell's Gravitas          Tloc           ######....   1%          3    None
 Teleport Other           Tloc           ######..     1%          3    None
 Cause Fear               Hex            ######....   3%          4    None
 Passage of Golubria      Tloc           N/A          3%          4    None
 Silence                  Hex/Air        ######....   11%         5    ###....
 Darkness                 Hex            ######....   50%         6    #####..
 Freezing Cloud           Conj/Ice/Air   ######....   50%         6    #####..
 Invisibility             Hex            ######..     50%         6    #####..
 Borgnjor's Revivificati  Necr           ######....   100%        8    #######
 Discord                  Hex            ######....   100%        8    #######
 Call Imp                 Summ           Unusable     N/A         2    N/A
 Shroud of Golubria       Chrm/Tloc      Unusable     N/A         2    N/A
 Swiftness                Chrm/Air       Unusable     N/A         2    N/A
 Ignite Poison            Fire/Tmut/Pois Unusable     N/A         3    N/A
 Passwall                 Tmut/Erth      Unusable     N/A         2    N/A
 Alistair's Intoxication  Tmut/Pois      Unusable     N/A         5    N/A
 Irradiate                Conj/Tmut      Unusable     N/A         5    N/A
 Yara's Violent Unravell  Hex/Tmut       Unusable     N/A         5    N/A
 Petrify                  Tmut/Erth      Unusable     N/A         4    N/A
 Haunt                    Necr/Summ      Unusable     N/A         7    N/A
 Eringya's Noxious Bog    Tmut/Pois      Unusable     N/A         6    N/A
 Lee's Rapid Deconstruct  Erth           Unusable     N/A         5    N/A
 Ring of Flames           Chrm/Fire      Unusable     N/A         7    N/A
 Death's Door             Chrm/Necr      Unusable     N/A         8    N/A
 Infestation              Necr           Unusable     N/A         8    N/A
 Necromutation            Tmut/Necr      Unusable     N/A         8    N/A

Dungeon Overview and Level Annotations

Branches:
Dungeon (15/15)            Temple (1/1) D:6            Lair (6/6) D:9
 Shoals (3/4) Lair:3        Snake (4/4) Lair:4        Slime (0/5) Lair:6
    Orc (2/2) D:10            Elf (0/3) Orc:2        Vaults (0/5) D:14
 Depths (0/5) D:15        Ossuary (visited)

Altars:
Dithmenos
Elyvilon
Fedhas
Gozag
Hepliaklqana
Okawaru
Ru
Sif Muna
Trog
Xom
Yredelemnul
The Shining One
Beogh

Shops:
D:4 }   D:5 ==}   D:6 [   D:12 [   Orc:2 }?(   Shoals:2 [

Portals:
Trove: D:12 (give 15 scrolls of teleportation)

Annotations:
D:10 2 transporters
Snake:2 1 runed translucent door, Ciageutz's ghost, journeyman GnWz; Vashnia
Orc:2 1 transporter, Nebesus's ghost, journeyman FoFi


Innate Abilities, Weirdness & Mutations

Your experience applies equally to all skills.
You have very sharp teeth.
You cannot be stealthy.
You are hated by all.
You cannot study or cast Charms magic.
You cannot study or cast Earth magic.
You cannot study or cast Transmutations magic.
You are somewhat unskilled. (-1 Apt)
You are somewhat inexperienced. (-2 XL)
Your uncanny sense of smell can sniff out nearby items.
Scrolls take you a little longer to read.


Message History

The merfolk aquamancer blinks!
You impale the merfolk avatar!!
You are no longer entranced.
You kill the merfolk avatar!
The drowned soul returns to the deep! x2
You see here a merfolk corpse.
You butcher the merfolk corpse.
Your pack is full.
Things that are here:
a chunk of flesh; a merfolk skeleton Eat a chunk of flesh? (ye/n/q)
You eat the chunk of flesh.
This raw flesh tastes terrible.
A water elemental comes into view.
There are monsters nearby!
You see here a +0 trident.
A snapping turtle comes into view.
The snapping turtle hisses angrily.
The merfolk aquamancer casts a spell at you.
The ball of steam hits you!! The steam scalds you terribly!
You die...

≈.....≈≈≈≈≈≈≈≈≈...##
≈≈.....≈≈≈≈≈≈≈≈≈...#
≈≈≈....≈E≈≈≈≈≈≈≈≈...
≈≈≈≈..≈≈≈m≈.÷.≈≈≈..#
≈≈≈......§≈...≈≈≈..#
≈≈.......§..†..≈≈..#
≈.......§....≈..≈..#
≈.....##§.).........
≈≈.....#@......≈≈....#..≈
≈≈≈..≈≈≈.).)≈≈..≈≈≈≈≈≈≈≈≈≈≈
≈≈≈≈..≈≈..(.≈≈≈≈..≈≈≈≈≈≈≈≈≈≈
≈≈≈≈≈≈≈≈.≈...≈.....≈≈≈≈≈≈≈≈≈≈
≈≈≈≈≈≈≈≈≈≈≈≈≈≈≈.≈.......≈≈≈≈≈≈≈≈≈
≈≈≈≈≈≈≈≈≈≈≈≈≈≈....≈≈....≈≈≈≈≈...≈
≈≈≈≈≈≈≈≈≈≈t≈≈≈≈..≈≈≈....≈≈......≈
..≈≈≈≈≈≈≈≈≈≈≈≈≈≈(≈≈≈≈...≈<.≈...≈≈
...≈≈≈≈≈≈≈≈≈≈≈≈(≈≈≈≈≈..≈....###..


You could see a snapping turtle.

Vanquished Creatures
  Nikola (Snake:4)
  Asterion (Snake:4)
  Frances (Shoals:2)
  Kirke (Snake:4)
  8 nagarajas
  A dire elephant (D:15)
  An ettin (Orc:1)
  A merfolk impaler (Shoals:3)
  Fannar (Lair:3)
  A merfolk javelineer (Shoals:3)
  A vault guard (D:14)
  4 hydras
  19 naga warriors
  Harold (D:8)
  An alligator snapping turtle (Shoals:3)
  2 catoblepae
  A satyr (Shoals:2)
  4 merfolk avatars
  A centaur warrior (D:13)
  14 anacondas
  6 death yaks (Lair:6)
  A merfolk aquamancer (Shoals:3)
  2 two-headed ogres
  A tengu warrior (D:15)
  A deep troll shaman (Lair:6)
  4 orc high priests
  6 shock serpents
  17 naga sharpshooters
  Nergalle (Lair:4)
  A salamander mystic (Snake:2)
  The ghost of Nebesus the Cleaver, a novice FoFi of Okawaru (D:7)
  5 sea snakes
  4 naga ritualists
  An unseen horror (D:13)
  6 mana vipers
  A lindwurm (Lair:6)
  5 orc knights (Orc:2)
  3 harpies (Shoals:2)
  An oklob plant (Lair:3)
  A wolf spider (D:15)
  4 orc sorcerers (Orc:2)
  7 fauns
  5 cyclopes
  7 ugly things
  7 manticores
  5 elephants (Lair:6)
  7 merfolk sirens (Shoals:1)
  17 salamanders
  A black mamba (shapeshifter) (D:13)
  Joseph (D:7)
  4 guardian serpents (Snake:4)
  6 spiny frogs
  14 naga magi
  4 water nymphs
  33 black mambas
  Psyche (D:8)
  A rime drake (Lair:5)
  A freezing wraith (D:15)
  3 yaktaurs (D:15)
  5 komodo dragons
  7 trolls
  A polar bear (Lair:6)
  4 red devils (D:15)
  A queen bee (D:11)
  4 wind drakes
  4 blink frogs (Lair:6)
  17 merfolk
  Prince Ribbit (D:6)
  3 snapping turtles
  7 hippogriffs
  A shadow (D:14)
  A wraith (D:13)
  4 water elementals
  A vampire (D:13)
  6 wyverns
  4 hogs (Snake:4)
  33 yaks
  3 basilisks
  A steam dragon (D:11)
  A hungry ghost (D:10)
  52 nagas
  3 wargs
  3 acid dragons
  11 water moccasins
  5 porcupines
  Duvessa (D:7)
  4 sky beasts
  A hornet zombie (D:9)
  5 ice beasts
  26 orc warriors
  2 black bears
  7 ogres
  2 phantoms
  20 wolves
  5 centaurs
  13 crocodiles
  A wyvern zombie (D:14)
  8 bullfrogs
  2 gnoll sergeants
  Dowan (D:7)
  A wyvern skeleton (D:14)
  A water moccasin zombie (D:12)
  4 scorpions
  19 killer bees
  5 wights (D:8)
  2 electric eels (Lair:1)
  4 howler monkeys
  7 crimson imps
  3 centaur zombies
  2 hounds
  4 jellies
  19 orc priests
  Crazy Yiuf (D:2)
  4 centaur skeletons
  34 orc wizards
  2 gnoll shamans
  Natasha (thrice) (D:4)
  6 hell rats (Lair:4)
  5 iguanas
  12 worker ants
  5 big kobold zombies (Ossuary)
  A centaur simulacrum (D:7)
  A hound zombie (D:4)
  A mummy (Ossuary)
  A howler monkey zombie (D:6)
  3 worker ant zombies
  22 adders
  15 gnolls
  3 shadow imps
  3 white imps (D:7)
  4 oozes
  An adder skeleton (D:6)
  2 worms
  4 dart slugs
  4 leopard geckos
  83 orcs
  5 spectral bats (Ossuary)
  5 bats
  A giant cockroach (D:2)
  6 hobgoblins
  10 jackals
  13 kobolds
  4 quokkas
  2 ball pythons
  3 bat simulacra (Ossuary)
  5 frilled lizards
  7 gnoll zombies (Ossuary)
  6 goblins
  4 goblin simulacra (Ossuary)
  2 goblin zombies (Ossuary)
  3 hobgoblin zombies (Ossuary)
  3 kobold simulacra (Ossuary)
  8 kobold zombies (Ossuary)
  A leopard gecko simulacrum (D:7)
  5 orc zombies (Ossuary)
  6 rats
  4 rat simulacra (Ossuary)
  2 spectral goblins (Ossuary)
  6 spectral kobolds (Ossuary)
  A plant (Lair:3)
945 creatures vanquished.

Vanquished Creatures (others)
  Agnes (Snake:4)
  A naga warrior (Snake:4)
  A guardian serpent (Snake:4)
  A naga mage (Snake:4)
  2 nagas (Snake:4)
  2 bullfrogs
  An orc (Orc:2)
  A spectral bat (Ossuary)
  A bush (Lair:6)
  2 fungi
  7 plants
  5 tentacles (Shoals:1)
25 creatures vanquished.

Grand Total: 970 creatures vanquished

Notes
Turn   | Place    | Note
-------+----------+-------------------------------------------
     0 | D:1      | Reached skill level 11 in Spellcasting
     0 | D:1      | MisterFreud the Gnoll Wanderer began the quest for the Orb.
     0 | D:1      | MisterFreud set off with the following items: a +0 dagger,
                  | a +0 ring mail, a ration; and the following spells
                  | available to memorise: Freeze, Magic Dart, Blink, Call Imp,
                  | Slow, Conjure Flame, Frozen Ramparts, Mephitic Cloud
     0 | D:1      | Reached XP level 1. HP: 20/20 MP: 12/12
   225 | D:1      | Reached XP level 2. HP: 16/26 MP: 14/14
   889 | D:1      | Reached XP level 3. HP: 28/31 MP: 15/15
  1320 | D:2      | Reached skill level 1 in Invocations
  1326 | D:2      | Learned a level 1 spell: Freeze
  1329 | D:2      | Learned a level 2 spell: Blink
  1333 | D:2      | Learned a level 3 spell: Frozen Ramparts
  1337 | D:2      | Learned a level 3 spell: Mephitic Cloud
  1754 | D:2      | Reached skill level 1 in Short Blades
  1754 | D:2      | Reached skill level 1 in Long Blades
  1754 | D:2      | Reached skill level 1 in Axes
  1754 | D:2      | Reached skill level 1 in Maces & Flails
  1754 | D:2      | Reached skill level 1 in Polearms
  1754 | D:2      | Reached skill level 1 in Staves
  1754 | D:2      | Reached skill level 1 in Slings
  1754 | D:2      | Reached skill level 1 in Bows
  1754 | D:2      | Reached skill level 1 in Crossbows
  1754 | D:2      | Reached skill level 1 in Dodging
  1754 | D:2      | Reached skill level 1 in Shields
  1754 | D:2      | Reached skill level 1 in Unarmed Combat
  1754 | D:2      | Reached skill level 1 in Evocations
  1828 | D:2      | Found a runed translucent door.
  1829 | D:2      | Noticed Crazy Yiuf
  1897 | D:2      | Reached XP level 4. HP: 38/38 MP: 14/17
  2339 | D:2      | Killed Crazy Yiuf
  2339 | D:2      | Reached skill level 1 in Conjurations
  2339 | D:2      | Reached skill level 1 in Hexes
  2339 | D:2      | Reached skill level 1 in Charms
  2339 | D:2      | Reached skill level 1 in Summonings
  2339 | D:2      | Reached skill level 1 in Necromancy
  2339 | D:2      | Reached skill level 1 in Translocations
  2339 | D:2      | Reached skill level 1 in Transmutations
  2339 | D:2      | Reached skill level 1 in Fire Magic
  2339 | D:2      | Reached skill level 1 in Ice Magic
  2339 | D:2      | Reached skill level 1 in Air Magic
  2339 | D:2      | Reached skill level 1 in Earth Magic
  2339 | D:2      | Reached skill level 1 in Poison Magic
  2692 | D:3      | Reached XP level 5. HP: 42/43 MP: 18/18
  3478 | D:3      | Found a white marble altar of Elyvilon.
  3481 | D:3      | Found a basalt altar of Yredelemnul.
  3485 | D:3      | Found a bloodstained altar of Trog.
  3485 | D:3      | Found a shimmering altar of Xom.
  3487 | D:3      | Found an iron altar of Okawaru.
  3488 | D:3      | Found a shadowy altar of Dithmenos.
  3490 | D:3      | Found a hazy altar of Hepliaklqana.
  3565 | D:4      | Noticed Natasha
  3573 | D:3      | Reached XP level 6. HP: 47/50 MP: 20/20
  3610 | D:4      | Found a blossoming altar of Fedhas.
  3670 | D:4      | Found Lachykke's Gadget Emporium.
  3905 | D:4      | Reached skill level 5 in Fighting
  3923 | D:4      | Killed Natasha
  4221 | D:4      | Noticed a phantom
  4265 | D:4      | Killed a phantom
  4265 | D:4      | Reached XP level 7. HP: 52/56 MP: 21/21
  4333 | D:4      | Noticed Natasha
  4339 | D:4      | Killed Natasha
  4545 | D:4      | Found a glowing golden altar of the Shining One.
  4581 | D:4      | Noticed Natasha
  4595 | D:4      | Killed Natasha
  4662 | D:5      | Entered Level 5 of the Dungeon
  4834 | D:5      | Found Bazeomeuty's Jewellery Emporium.
  4850 | D:5      | Found Helag's Jewellery Boutique.
  5115 | D:5      | Reached XP level 8. HP: 30/63 MP: 15/23
  5328 | D:5      | Bought a cursed ring of see invisible for 132 gold pieces
  5389 | D:5      | Found Hiulebucw's Gadget Boutique.
  5403 | D:5      | Got a smoking trident
  5404 | D:5      | Identified the +10 trident of Causality {freeze, rF++ MR-
                  | Stlth+} (You found it on level 5 of the Dungeon)
  5675 | D:6      | Noticed Prince Ribbit
  5675 | D:6      | Found Tuapobed's Armour Boutique.
  5682 | D:6      | Killed Prince Ribbit
  5761 | D:6      | Found a sand-covered staircase.
  5767 | Ossuary  | Entered an ossuary
  6585 | D:6      | Reached XP level 9. HP: 69/69 MP: 22/24
  6861 | D:6      | Found a staircase to the Ecumenical Temple.
  6876 | Temple   | Entered the Ecumenical Temple
  6920 | Temple   | Became a worshipper of Ru the Awakened
  7335 | D:7      | Noticed Dowan
  7335 | D:7      | Noticed Duvessa
  7360 | D:7      | Killed Duvessa
  7367 | D:7      | Killed Dowan
  7410 | D:7      | Found a runed translucent gate.
  7410 | D:7      | Found a runed translucent gate.
  7411 | D:7      | Found a runed translucent gate.
  7443 | D:7      | Noticed Nebesus's ghost (novice FoFi)
  7446 | D:7      | You fall into a shaft and drop 1 floor!
  7544 | D:8      | Noticed Harold
  7561 | D:8      | Killed Harold
  7561 | D:8      | Reached skill level 5 in Throwing
  7561 | D:8      | Reached skill level 5 in Armour
  7561 | D:8      | Reached skill level 5 in Stealth
  7566 | D:8      | Reached skill level 5 in Invocations
  7572 | D:8      | Reached skill level 12 in Spellcasting
  7621 | D:8      | Noticed a two-headed ogre
  7633 | D:8      | Killed a two-headed ogre
  7633 | D:8      | Reached XP level 10. HP: 68/77 MP: 24/26
  7735 | D:8      | Reached skill level 5 in Short Blades
  7735 | D:8      | Reached skill level 5 in Long Blades
  7735 | D:8      | Reached skill level 5 in Axes
  7735 | D:8      | Reached skill level 5 in Maces & Flails
  7735 | D:8      | Reached skill level 5 in Polearms
  7735 | D:8      | Reached skill level 5 in Staves
  7735 | D:8      | Reached skill level 5 in Slings
  7735 | D:8      | Reached skill level 5 in Bows
  7735 | D:8      | Reached skill level 5 in Crossbows
  7735 | D:8      | Reached skill level 5 in Dodging
  7735 | D:8      | Reached skill level 5 in Shields
  7735 | D:8      | Reached skill level 5 in Unarmed Combat
  7735 | D:8      | Reached skill level 5 in Evocations
  7849 | D:8      | Noticed Psyche
  7859 | D:8      | Killed Psyche
  8296 | D:7      | Found a blossoming altar of Fedhas.
  8300 | D:7      | Noticed Joseph
  8312 | D:7      | Killed Joseph
  9246 | D:9      | Found a staircase to the Lair.
  9568 | D:10     | Entered Level 10 of the Dungeon
  9647 | D:10     | Found a transporter.
  9650 | D:10     | Noticed a deep elf knight
  9651 | D:10     | Noticed a kobold demonologist
 10035 | D:10     | Found a transporter.
 10038 | D:10     | Noticed a kobold demonologist
 10039 | D:10     | Noticed an orc sorcerer
 10041 | D:10     | Noticed a kobold demonologist
 10064 | D:10     | Found a staircase to the Orcish Mines.
 10093 | D:10     | Reached XP level 11. HP: 81/84 MP: 25/27
 10503 | D:11     | Noticed a green ugly thing
 10505 | D:11     | Noticed a cyan ugly thing
 10865 | Lair:1   | Entered Level 1 of the Lair of Beasts
 11591 | Lair:2   | Reached skill level 5 in Conjurations
 11591 | Lair:2   | Reached skill level 5 in Hexes
 11591 | Lair:2   | Reached skill level 5 in Charms
 11591 | Lair:2   | Reached skill level 5 in Summonings
 11591 | Lair:2   | Reached skill level 5 in Necromancy
 11591 | Lair:2   | Reached skill level 5 in Translocations
 11591 | Lair:2   | Reached skill level 5 in Transmutations
 11591 | Lair:2   | Reached skill level 5 in Fire Magic
 11591 | Lair:2   | Reached skill level 5 in Ice Magic
 11591 | Lair:2   | Reached skill level 5 in Air Magic
 11591 | Lair:2   | Reached skill level 5 in Earth Magic
 11591 | Lair:2   | Reached skill level 5 in Poison Magic
 11835 | Lair:2   | Noticed a seven-headed hydra
 11865 | Lair:2   | Killed a seven-headed hydra
 12978 | Lair:3   | Noticed a four-headed hydra
 13192 | Lair:3   | Noticed a four-headed hydra
 13494 | Lair:3   | Got a pitted dagger
 13495 | Lair:3   | Identified the +11 dagger "Cuysaw" {distort, rF+ Str+3
                  | Dex+5} (You found it on level 3 of the Lair of Beasts)
 13552 | Lair:3   | Gained mutation: Scrolls take you a little longer to read.
                  | [mutagenic glow]
 13670 | Lair:3   | Noticed a six-headed hydra
 13686 | Lair:3   | Killed a six-headed hydra
 13686 | Lair:3   | Reached XP level 12. HP: 67/93 MP: 17/28
 13877 | Lair:3   | Killed a four-headed hydra
 13983 | Lair:3   | Killed a four-headed hydra
 13999 | Lair:3   | Found a staircase to the Shoals.
 14358 | Lair:3   | Gained mutation: You cannot study or cast Earth magic. [Ru
                  | sacrifice]
 14358 | Lair:3   | Gained mutation: You cannot study or cast Transmutations
                  | magic. [Ru sacrifice]
 14358 | Lair:3   | Gained mutation: You cannot study or cast Charms magic. [Ru
                  | sacrifice]
 14358 | Lair:3   | Reached * piety under Ru
 14394 | Lair:3   | Noticed Fannar
 14421 | Lair:3   | Killed Fannar
 15368 | Lair:4   | Reached skill level 13 in Spellcasting
 15416 | Lair:4   | Found a staircase to the Snake Pit.
 15866 | Lair:4   | Noticed Nergalle
 15877 | Lair:4   | Killed Nergalle
 16096 | Lair:5   | Noticed a catoblepas
 16109 | Lair:5   | Killed a catoblepas
 16787 | Lair:5   | Gained mutation: You are hated by all. [Ru sacrifice]
 16787 | Lair:5   | Reached ** piety under Ru
 17139 | Lair:6   | Entered Level 6 of the Lair of Beasts
 17451 | Lair:6   | Reached XP level 13. HP: 80/101 MP: 16/30
 17545 | Lair:6   | Found a staircase to the Slime Pits.
 20190 | D:11     | Identified 2 scrolls of acquirement
 20385 | D:11     | Found a shimmering altar of Xom.
 20842 | D:12     | Found a bloodstained altar of Trog.
 20893 | D:12     | Found Hyhevyel's Armour Emporium.
 20896 | D:12     | Bought the +8 chain mail "Gycwes" {*Drain rPois Regen+} for
                  | 751 gold pieces
 21061 | D:12     | Found a shadowy altar of Dithmenos.
 21304 | D:12     | Found a portal to a secret trove of treasure.
 21368 | D:13     | Reached XP level 14. HP: 109/109 MP: 31/31
 21556 | D:13     | You fall into a shaft and drop 1 floor!
 22198 | D:13     | Reached skill level 10 in Fighting
 22339 | D:13     | You fall into a shaft and drop 2 floors!
 22339 | D:15     | Entered Level 15 of the Dungeon
 22392 | D:14     | Gained mutation: You are somewhat inexperienced. (-2 XL)
                  | [Ru sacrifice]
 22392 | D:14     | Reached XP level 13. HP: 103/103 MP: 30/30
 22392 | D:14     | Reached XP level 12. HP: 97/97 MP: 29/29
 22392 | D:14     | Reached *** piety under Ru
 22392 | D:14     | Reached **** piety under Ru
 22429 | D:14     | Noticed a vault guard
 22434 | D:14     | Found a gate to the Vaults.
 22452 | D:14     | Killed a vault guard
 22597 | D:13     | Noticed a two-headed ogre
 22603 | D:13     | Killed a two-headed ogre
 23106 | D:15     | Noticed a tengu warrior
 23124 | D:15     | Killed a tengu warrior
 23528 | D:15     | Reached skill level 10 in Invocations
 23531 | D:15     | Reached XP level 13. HP: 103/103 MP: 27/30
 23622 | D:15     | Found a staircase to the Depths.
 23622 | D:15     | Noticed a dire elephant
 23640 | D:15     | Killed a dire elephant
 23977 | Orc:1    | Entered Level 1 of the Orcish Mines
 24075 | Orc:1    | Reached skill level 14 in Spellcasting
 24327 | Orc:2    | Entered Level 2 of the Orcish Mines
 24518 | Orc:2    | Found a roughly hewn altar of Beogh.
 24548 | Orc:2    | Found a staircase to the Elven Halls.
 24700 | Orc:2    | Found a transporter.
 24705 | Orc:2    | Noticed Nebesus's ghost (journeyman FoFi)
 24721 | Orc:2    | Found Kiump's Weapon Emporium.
 24951 | Orc:2    | Found Xeufoco's Gadget Shop.
 24957 | Orc:2    | Found Ywil's Gadget Shop.
 24959 | Orc:2    | Found Qoom's Magic Scroll Emporium.
 24967 | Orc:2    | Bought a scroll of fog for 28 gold pieces
 24967 | Orc:2    | Bought a scroll of teleportation for 42 gold pieces
 24967 | Orc:2    | Bought a scroll of magic mapping for 49 gold pieces
 25057 | Orc:1    | Noticed an ettin
 25088 | Orc:1    | Killed an ettin
 25088 | Orc:1    | Reached skill level 10 in Throwing
 25088 | Orc:1    | Reached skill level 10 in Armour
 26064 | Snake:1  | Entered Level 1 of the Snake Pit
 26086 | Snake:1  | Reached skill level 10 in Stealth
 26095 | Snake:1  | Reached XP level 14. HP: 90/111 MP: 26/32
 27149 | Snake:1  | Reached skill level 10 in Short Blades
 27149 | Snake:1  | Reached skill level 10 in Long Blades
 27149 | Snake:1  | Reached skill level 10 in Axes
 27149 | Snake:1  | Reached skill level 10 in Maces & Flails
 27149 | Snake:1  | Reached skill level 10 in Polearms
 27149 | Snake:1  | Reached skill level 10 in Staves
 27149 | Snake:1  | Reached skill level 10 in Slings
 27149 | Snake:1  | Reached skill level 10 in Bows
 27149 | Snake:1  | Reached skill level 10 in Crossbows
 27149 | Snake:1  | Reached skill level 10 in Dodging
 27149 | Snake:1  | Reached skill level 10 in Shields
 27149 | Snake:1  | Reached skill level 10 in Unarmed Combat
 27149 | Snake:1  | Reached skill level 10 in Evocations
 27534 | Snake:2  | Noticed Vashnia
 27960 | Snake:2  | Found an opulent altar of Gozag.
 27960 | Snake:2  | Noticed a nagaraja
 28413 | Snake:2  | Killed a nagaraja
 28588 | Snake:2  | Reached XP level 15. HP: 109/118 MP: 33/33
 28686 | Snake:2  | Found a runed translucent door.
 28686 | Snake:2  | Noticed Ciageutz's ghost (journeyman GnWz)
 29430 | Snake:3  | Noticed a nagaraja
 29589 | Snake:3  | Killed a nagaraja
 30112 | Snake:3  | Gained mutation: You are somewhat unskilled. (-1 Apt) [Ru
                  | sacrifice]
 30112 | Snake:3  | Reduced skill Fighting to level 10
 30112 | Snake:3  | Reduced skill Spellcasting to level 13
 30112 | Snake:3  | Reduced skill Invocations to level 10
 30112 | Snake:3  | Reached ***** piety under Ru
 30485 | Snake:4  | Entered Level 4 of the Snake Pit
 30490 | Snake:4  | Noticed Asterion
 30637 | Snake:4  | Killed Asterion
 30752 | Snake:4  | Noticed a nagaraja
 30773 | Snake:4  | Killed a nagaraja
 30773 | Snake:4  | Reached skill level 10 in Short Blades
 30773 | Snake:4  | Reached skill level 10 in Long Blades
 30773 | Snake:4  | Reached skill level 10 in Axes
 30773 | Snake:4  | Reached skill level 10 in Maces & Flails
 30773 | Snake:4  | Reached skill level 10 in Polearms
 30773 | Snake:4  | Reached skill level 10 in Staves
 30773 | Snake:4  | Reached skill level 10 in Slings
 30773 | Snake:4  | Reached skill level 10 in Bows
 30773 | Snake:4  | Reached skill level 10 in Crossbows
 30773 | Snake:4  | Reached skill level 10 in Dodging
 30773 | Snake:4  | Reached skill level 10 in Shields
 30773 | Snake:4  | Reached skill level 10 in Unarmed Combat
 30773 | Snake:4  | Reached skill level 10 in Evocations
 30866 | Snake:4  | Identified the +2 pair of gloves of the Invisible Brambles
                  | {Harm Dex+4 SInv}
 30866 | Snake:4  | Noticed Nikola
 30916 | Snake:4  | Noticed a nagaraja
 30953 | Snake:4  | Noticed Kirke
 30964 | Snake:4  | Reached XP level 16. HP: 41/124 MP: 28/33
 30968 | Snake:4  | HP: 5/124 [naga sharpshooter/bolt (9)]
 31404 | D:7      | Killed Nebesus's ghost
 31441 | D:7      | Got the ring of Yniag {Fire}
 31454 | D:7      | Identified the ring of Yniag {Fire rElec Dex+2 Slay-2} (You
                  | found it on level 7 of the Dungeon)
 31703 | Snake:4  | Noticed a nagaraja
 31717 | Snake:4  | Noticed Agnes
 31727 | Snake:4  | Killed Agnes
 31729 | Snake:4  | Killed a nagaraja
 32166 | Snake:4  | Killed Nikola
 32228 | Snake:4  | Noticed a nagaraja
 32266 | Snake:4  | Noticed a nagaraja
 32281 | Snake:4  | Reached skill level 14 in Spellcasting
 32281 | Snake:4  | Killed a nagaraja
 32531 | Snake:4  | Killed Kirke
 32532 | Snake:4  | Noticed a nagaraja
 32543 | Snake:4  | Killed a nagaraja
 32551 | Snake:4  | Killed a nagaraja
 32905 | Snake:4  | Killed a nagaraja
 33247 | Snake:4  | Got a serpentine rune of Zot
 33494 | Snake:4  | Gained mutation: You cannot be stealthy. [Ru sacrifice]
 33494 | Snake:4  | Reached ****** piety under Ru
 33654 | Shoals:1 | Entered Level 1 of the Shoals
 33788 | Shoals:1 | Identified the +11 rapier "Ucia" {pain, +Fly rPois rF-}
 33871 | Shoals:1 | Learned a level 3 spell: Lesser Beckoning
 33938 | Shoals:1 | HP: 5/125 [merfolk/the +11 rapier "Ucia" {pain, +Fly rPois
                  | rF-} (6)]
 34036 | Shoals:1 | Reached XP level 17. HP: 36/131 MP: 32/35
 34326 | Shoals:1 | Noticed a kraken
 34872 | Shoals:2 | Noticed Frances
 35096 | Shoals:2 | Found Xiytugis's Armour Boutique.
 35105 | Shoals:2 | Bought +2 ice dragon scales for 1224 gold pieces
 35571 | Shoals:2 | Killed Frances
 36760 | Shoals:3 | Killed from afar by a merfolk aquamancer

Illustrated notes

Levels and vault maps discovered:
D:1:      dpeg_arrival_signposts, layout_basic
D:2:      layout_loops_corners, first_ration, hangedman_abyss_or_decor_stabs,
          uniq_crazy_yiuf_cottage
D:3:      layout_basic, minitemple
D:4:      layout_basic, kennysheep_mini, serial_shops, shop_statue,
          fedhas_altar_2, uniq_natasha
D:5:      layout_rooms, serial_shops, nicolae_shop_stone, shop, shop,
          minmay_door_square
D:6:      black_bear_nest_1, layout_loops_ring, minmay_temple_entry_grid,
          nicolae_ossuary_entry_plus, serial_shops, shop_statue,
          grunt_potential, uniq_prince_ribbit1
D:7:      layout_basic, basic_altar, gammafunk_ghost_icy, uniq_duvessa,
          uniq_joseph
D:8:      layout_rooms, uniq_harold, uniq_psyche
D:9:      layout_irregular_city, david_lair_shrubbed
D:10:     gammafunk_wand_slinger, layout_basic
D:11:     layout_rooms, basic_altar, portal_ice_cave_entry_pillars_1,
          david_nohive_1
D:12:     layout_loops_ring, basic_altar, serial_shops, kennysheep_mini_moat,
          nicolae_trove_entry_crystal, nicolae_dithmenos_the_darkroom
D:13:     layout_roguey
D:14:     layout_small_grid, david_vaults_5, hangedman_abyss_or_decor_passed
D:15:     hangedman_depths_entry_try_elsewhere_first, layout_irregular_city,
          glass_columns_a, hangedman_decor_growths, corexii_corridor_pit,
          einodemon_armed_red_devil_minivault
Temple:   minmay_temple_curvy_branch
Lair:1:   layout_gridlike, nicolae_quartered_pool_super,
          chequers_serial_rivers_micro_c, serial_bayou_pond_c
Lair:2:   layout_cellular_growth
Lair:3:   layout_regular_city, minmay_shoals_entry_centaurs,
          minmay_lair_oklob_chamber, uniq_fannar
Lair:4:   layout_loops_ring, guppyfry_snake_entry_island, lemuel_old_faithful,
          uniq_nergalle
Lair:5:   layout_regular_city
Lair:6:   grunt_lair_end_beastmaster, layout_hall_layers,
          dpeg_slime_entry_corner
Shoals:1: layout_shoals
Shoals:2: layout_shoals, serial_shops, shop, uniq_frances
Shoals:3: layout_shoals
Snake:1:  layout_cave_shapes
Snake:2:  layout_cave_shapes, basic_altar, ebering_ghost_reflecting_pool,
          grunt_megastairs_3, uniq_vashnia
Snake:3:  layout_grid_shapes, grunt_ministairs_4
Snake:4:  minmay_snake_end_coiled, layout_cave_town, st_stairs_6,
          abandoned_shop, grunt_ministairs_2, uniq_nikola, uniq_agnes,
          uniq_asterion, uniq_kirke
Orc:1:    layout_caves
Orc:2:    st_orc_elflike, layout_diamond_mine, gammafunk_ghost_stat_death,
          basic_altar

Skill      XL: |  1  2  3  4  5  6  7  8  9 10 11 12 13 14 15 16 17 |
---------------+----------------------------------------------------+-----
Spellcasting   | 12 13 14 13 14 | 14.3
Invocations    | 1 2 3 4 5 6 7 10 9 11 10 11 | 11.7
Short Blades   | 1 2 3 4 5 6 9 8 10 10 | 10.8
Long Blades    | 1 2 3 4 5 6 9 8 10 10 | 10.8
Axes           | 1 2 3 4 5 6 9 8 10 10 | 10.8
Maces & Flails | 1 2 3 4 5 6 9 8 10 10 | 10.8
Polearms       | 1 2 3 4 5 6 9 8 10 10 | 10.8
Staves         | 1 2 3 4 5 6 9 8 10 10 | 10.8
Slings         | 1 2 3 4 5 6 9 8 10 10 | 10.8
Bows           | 1 2 3 4 5 6 9 8 10 10 | 10.8
Crossbows      | 1 2 3 4 5 6 9 8 10 10 | 10.8
Dodging        | 1 2 3 4 5 6 9 8 10 10 | 10.8
Shields        | 1 2 3 4 5 6 9 8 10 10 | 10.8
Unarmed Combat | 1 2 3 4 5 6 9 8 10 10 | 10.8
Evocations     | 1 2 3 4 5 6 9 8 10 10 | 10.8
Conjurations   | 1 2 3 4 5 6 8 8 9 |  9.2
Hexes          | 1 2 3 4 5 6 8 8 9 |  9.2
Charms         | 1 2 3 4 5 0 |  0.0
Summonings     | 1 2 3 4 5 6 8 8 9 |  9.2
Necromancy     | 1 2 3 4 5 6 8 8 9 |  9.2
Translocations | 1 2 3 4 5 6 8 8 9 |  9.2
Transmutations | 1 2 3 4 5 0 |  0.0
Fire Magic     | 1 2 3 4 5 6 8 8 9 |  9.2
Ice Magic      | 1 2 3 4 5 6 8 8 9 |  9.2
Air Magic      | 1 2 3 4 5 6 8 8 9 |  9.2
Earth Magic    | 1 2 3 4 5 0 |  0.0
Poison Magic   | 1 2 3 4 5 6 8 8 9 |  9.2
Throwing       | 3 4 5 6 7 8 10 11 | 11.1
Armour         | 3 4 5 6 7 8 10 11 | 11.1
Stealth        | 3 4 5 6 7 8 10 0 |  0.0
Fighting       | 5 6 7 8 9 11 10 11 | 11.5

Action                   |  1- 3 |  4- 6 |  7- 9 | 10-12 | 13-15 | 16-18 || total
-------------------------+-------+-------+-------+-------+-------+-------++-------
Melee: Dagger            |    30 |       |       |       |       |       ||    30
       Bite              |    17 |    18 |    27 |    54 |   111 |    90 ||   317
       Short sword       |   101 |    25 |       |       |       |       ||   126
       Quarterstaff      |       |   139 |    45 |       |       |       ||   184
       Trident           |       |       |   241 |   546 |  1175 |   428 ||  2390
       Rapier            |       |       |       |       |       |   314 ||   314
Throw: Boomerang         |       |    12 |     1 |       |       |       ||    13
 Cast: Freeze            |     1 |     8 |       |       |       |       ||     9
       Frozen Ramparts   |       |     3 |    21 |    53 |    80 |    14 ||   171
       Blink             |       |       |       |       |     5 |     4 ||     9
       Lesser Beckoning  |       |       |       |       |       |     5 ||     5
       Mephitic Cloud    |       |       |       |       |       |     1 ||     1
Invok: Reject Sacrifices |       |       |       |     1 |     1 |       ||     2
       Sacrifice Love    |       |       |       |     1 |       |       ||     1
       Sacrifice Arcana  |       |       |       |     1 |       |       ||     1
       Sacrifice Experie |       |       |       |     1 |       |       ||     1
       Apocalypse        |       |       |       |       |     1 |     2 ||     3
       Sacrifice Skill   |       |       |       |       |     1 |       ||     1
       Sacrifice Stealth |       |       |       |       |       |     1 ||     1
Evoke: Wand              |       |       |       |     1 |     6 |     3 ||    10
  Use: Scroll            |       |     6 |     5 |     7 |    19 |     8 ||    45
       Potion            |       |       |       |     4 |     7 |     5 ||    16
 Stab: Sleeping          |     2 |     1 |    25 |    23 |    11 |       ||    62
       Petrified         |       |       |     1 |       |     6 |       ||     7
       Confused          |       |       |     1 |       |       |     3 ||     4
       Distracted        |       |       |       |     2 |    13 |     4 ||    19
       Invisible         |       |       |       |     2 |     8 |     9 ||    19
       Paralysed         |       |       |       |       |       |     3 ||     3
  Eat: Chunk             |     3 |     8 |     7 |    36 |    22 |    11 ||    87
       Ration            |       |       |     1 |       |     5 |     3 ||     9
Armor: Ring mail         |    45 |    87 |    76 |   114 |    51 |       ||   373
       Chain mail        |       |       |       |    22 |   295 |   160 ||   477
       Ice dragon scales |       |       |       |       |       |    42 ||    42
Dodge: Dodged            |    72 |   127 |   137 |   276 |   482 |   329 ||  1423
Block: Buckler           |       |       |    18 |   107 |   324 |   228 ||   677
